 Dungeon Crawl Stone Soup version 0.16-a0-4056-gee4db93 (webtiles) character file.

4 vatarom the Caller (level 1, -1/13 HPs)
             Began as a Mummy Summoner on Feb 19, 2015.
             Hit by a javelin thrown by a hobgoblin (4 damage)
             ... on level 1 of the Dungeon on Feb 20, 2015.
             The game lasted 00:03:09 (353 turns).

vatarom the Caller (Mummy Summoner)                  Turns: 353, Time: 00:03:10

Health: -1/13      AC:  2    Str: 11    XL:     1   Next: 58%
Magic:  0/3        EV: 12    Int: 14    God:
Gold:   0          SH:  0    Dex: 12    Spells: 1 memorised, 3 levels left

rFire  x . .     SeeInvis .     d - +0 dagger
rCold  + . .     Clarity  .     a - +0 robe
rNeg   + + +     SustAb   .     (no shield)
rPois  ∞         Gourm    .     (no helmet)
rElec  .         Spirit   .     (no cloak)
rCorr  .         Warding  .     (no gloves)
rMut   .         Stasis   .     (no boots)
MR     .....                    (no amulet)
Stlth  ++........               (no ring)
                                (no ring)

@: not resistant to hostile enchantments, unstealthy
A: no food or potions, fire vulnerability, restore body, cold resistance 1,
negative energy resistance 3, poison resistance, torment resistance, unbreathing
a: no special abilities


You were on level 1 of the Dungeon.
You were not hungry.

You visited 1 branch of the dungeon, and saw 1 of its levels.

Inventory:

Hand weapons
 d - a +0 dagger (weapon)
Armour
 a - a +0 robe (worn)
Scrolls
 c - a scroll of identify
Books
 b - a book of Callings

   Spells                             Type                      Level
   a - Summon Small Mammal            Summoning                    1
   b - Call Imp                       Summoning                    2
   c - Call Canine Familiar           Summoning                    3
   d - Summon Guardian Golem          Hexes/Summoning              4
   e - Summon Lightning Spire         Summoning/Air                4
   f - Summon Ice Beast               Ice/Summoning                4


   Skills:
 - Level 1.5 Dodging
 - Level 1.5 Stealth
 + Level 2.3 Spellcasting
 - Level 3.2 Summonings


You had 3 spell levels left.
You knew the following spells:

 Your Spells              Type           Power        Failure   Level  Hunger
a - Summon Small Mammal   Summ           ##..         10%         1    N/A

Dungeon Overview and Level Annotations

Branches:
Dungeon (1/15)

Altars:


Innate Abilities, Weirdness & Mutations

You do not eat or drink.
Your flesh is vulnerable to fire.
Your flesh is cold resistant.
You are immune to negative energy.
Your system is resistant to poisons.
You are immune to unholy pain and torment.
You can survive without breathing.


Message History

Casting: Summon Small Mammal
Confirm with . or Enter, or press ? or * to list all spells.
Your bat barely misses the kobold.
Your bat barely misses the kobold.
Your bat closely misses the kobold.
The kobold barely misses your bat.
Your bat barely misses the kobold.
The kobold hits your bat with an enchanted short sword.
Your bat barely misses the kobold.
Your bat closely misses the kobold.
Your bat closely misses the kobold.
Your bat misses the kobold.
Casting: Summon Small Mammal
Confirm with . or Enter, or press ? or * to list all spells.
You don't have enough magic to cast that spell.
Your bat hits the kobold. x2
The kobold dies!
Casting: Summon Small Mammal
Confirm with . or Enter, or press ? or * to list all spells.
The hobgoblin throws a javelin.
The javelin completely misses your bat. The javelin hits you.
You die...

........#.#.#............
#.......#.#K#.##.########
...####.#......#.#
#######.###g####.#
........# #..)g..# #
..#############..#.#
#.#..............#.#
#.#.######....b.b..# #
#.#.##.......#.#@###.#
#.#.##.###.#...#(....#
....##.# #.#.((..#####
#.####.# #.#.#.#.# ...#
#.# #.#.#.#.# #..# #.#
#.#...#.# #..# #.#
#.#####.# #..###.# #..
... .......# # ###


You could see a hobgoblin and 2 friendly bats.

Vanquished Creatures
  A giant cockroach (D:1)
1 creature vanquished.

Vanquished Creatures (collateral kills)
  2 goblins (D:1)
  A hobgoblin (D:1)
  A bat (D:1)
  2 kobolds (D:1)
6 creatures vanquished.

Vanquished Creatures (others)
  3 bats (D:1)
  4 rats (D:1)
7 creatures vanquished.

Grand Total: 14 creatures vanquished

Notes
Turn   | Place    | Note
--------------------------------------------------------------
     0 | D:1      | vatarom, the Mummy Summoner, began the quest for the Orb.
     0 | D:1      | Reached XP level 1. HP: 13/13 MP: 3/3
   207 | D:1      | Upgraded the game from 0.16-a0-4048-g245e628 to 0.16-a0-4056-gee4db93
   353 | D:1      | Hit by a javelin thrown by a hobgoblin

Action                   || total
-------------------------++-------
Melee: Unarmed           ||     3
       Dagger            ||     3
 Cast: Summon Small Mamm ||    20
  Use: Scroll            ||     2
